 Dungeon Crawl Stone Soup version 0.31-a0-325-g067879e3d3 (webtiles) character file.

Game seed: 11226864967168189135

449 HallandMoats the Sneak (level 7, -2/47 HPs)
             Began as an Octopode Brigand on July 18, 2023.
             Slain by a river rat (7 damage)
             ... in a sewer.
             The game lasted 00:06:25 (2098 turns).

HallandMoats the Sneak (Octopode Brigand)           Turns: 2098, Time: 00:06:26

Health: -2/47      AC:  1    Str: 12    XL:     7   Next: 4%
Magic:  7/7        EV: 10    Int: 14    God:
Gold:   293        SH:  4    Dex: 13    Spells: 6/6 levels left

rFire   + + .        a - +2 dagger
rCold   + . .        g - +0 buckler
rNeg    . . .        (helmet restricted)
rPois   +            f - amulet of regeneration
rElec   +            i - ring of poison resistance
rCorr   +            o - ring of protection from fire
SInv    .            (no ring)
Will    .....        (no ring)
Stlth   +++++        (no ring)
HPRegen 1.07/turn    (no ring)
MPRegen 0.10/turn    (no ring)
                     (no ring)

%: no passive effects
@: resistant, constricted
A: almost no armour, amphibious, 8 rings, camouflage 1, gelatinous body 1,
nimble swimmer 1, tentacles
a: no special abilities


You were in a sewer.
You visited 1 branch of the dungeon, and saw 4 of its levels.
You also visited: Sewer.

You collected 293 gold pieces.

Inventory:

Hand Weapons
 a - a +2 dagger (weapon)
Missiles
 b - 20 poisoned darts (quivered)
 c - 3 curare-tipped darts
 e - 3 atropa-tipped darts
 u - a throwing net
Armour
 g - a +0 buckler (worn)
Jewellery
 f - an amulet of regeneration (around mantle)
 i - a ring of poison resistance (left tentacle)
 o - a ring of protection from fire (right tentacle)
 t - the amulet "Butaxtov" {Faith rN+ rCorr}
   (You found it on level 4 of the Dungeon)

   [amulet of faith]

   It allows you to gain divine favour quickly.
   rN:        It protects you from negative energy.
   rCorr:     It protects you from acid and corrosion.
Scrolls
 d - 4 scrolls of identify {unknown}
 h - 2 scrolls of brand weapon {unknown}
 k - a scroll of fog {unknown}
 l - 2 scrolls of teleportation {unknown}
 n - a scroll of butterflies {unknown}
 p - a scroll of fear {unknown}
 q - a scroll of blinking {unknown}
 s - a scroll of poison {unknown}
Potions
 r - a potion of brilliance {unknown}


   Skills:
 * Level 3.7 Fighting
 * Level 3.7 Short Blades
 - Level 2.0 Throwing
 * Level 3.3 Dodging
 + Level 6.3 Stealth
 * Level 3.0 Shields


You had 6 spell levels left.
You didn't know any spells.
Your spell library was empty.

Dungeon Overview and Level Annotations

Branches:
Dungeon (4/15)              Sewer (1/1)
 Temple: D:4-7

Altars:


Innate Abilities, Weirdness & Mutations

You cannot wear most types of armour.
You are amphibious.
You can wear up to eight rings at the same time.
Your skin changes colour to match your surroundings (Stealth+).
Your rubbery body absorbs attacks. (AC +1, EV +1)
You are camouflaged when in or above water. (Stealth+)
You have tentacles for arms and can constrict up to eight enemies at once.


Message History

The ball python misses you. The bat hits you.
* * * LOW HITPOINT WARNING * * *
It was a potion of resistance.
You feel protected. The bat hits you but does no damage.
The ball python barely misses you. The ball python grabs you.
The ball python constricts you. You block the ball python's attack.
The ball python constricts you.
* * * LOW HITPOINT WARNING * * *
It was a potion of heal wounds.
You feel much better. The bat closely misses you.
The ball python closely misses you. The ball python constricts you.
The river rat bites you.
You closely miss the bat. Your grab misses the bat. You squeeze the bat.
The bat is severely wounded.
The bat hits you but does no damage. The ball python bites you.
The ball python constricts you.
You closely miss the river rat. You grab the river rat.
You constrict the river rat. You block the bat's attack.
You block the ball python's attack. The ball python constricts you.
You barely miss the river rat.
The river rat is lightly wounded.
You constrict the river rat. The bat completely misses you.
The river rat barely misses you. You block the river rat's attack.
The ball python bites you. The ball python constricts you.
You barely miss the river rat.
The river rat is lightly wounded.
You constrict the river rat. The river rat bites you!
* * * LOW HITPOINT WARNING * * *
The river rat bites you.
* * * LOW HITPOINT WARNING * * *
The ball python bites you.
* * * LOW HITPOINT WARNING * * *
The ball python constricts you.
* * * LOW HITPOINT WARNING * * *
You block the bat's attack.
You hit the river rat but do no damage.
The river rat is moderately wounded.
You constrict the river rat. The bat completely misses you.
The river rat bites you!
You die...

#≈≈~#
#.≈~####..##
#≈≈~#
#~≈~##.#..#!
#≈≈~#
#~≈~##.††.'?
#≈≈~#
#~≈.##.'..'!
#≈≈.#
#.≈.##.#..#[
#≈≈~#
#~≈~####..##
#≈≈~# #.≈~#
#..# #Sr~#
#~≈.####..##
#@r.#
#~≈~##.#..#.
#b≈~#
#~≈.##.'..'.
#≈≈~#
#~≈~##†'..'.
#≈≈~#
#~≈~##†#..#.
#≈≈~#
#~≈.####..##
#≈≈~# #~≈~#
#..# #≈≈~#
#.≈~# #∩∩#
#≈≈.# #~≈~#
#### #~≈~#


You could see 2 river rats, a bat and a ball python.

Vanquished Creatures
  Sigmund (D:3)
  A sleepcap (D:4)
  10 adders
  4 river rats (Sewer)
  An ufetubus (D:4)
  8 worms
  A dart slug (D:2)
  2 orcs (D:4)
  11 ball pythons
  6 bats
  8 endoplasms
  10 giant cockroaches
  7 goblins
  4 hobgoblins
  A jackal (Sewer)
  3 quokkas
  7 frilled lizards
  8 kobolds
  7 rats
100 creatures vanquished.

Notes
Turn   | Place    | Note
-------+----------+-------------------------------------------
     0 | D:1      | HallandMoats the Octopode Brigand began the quest for the
                  | Orb.
     0 | D:1      | Reached XP level 1. HP: 14/14 MP: 1/1
    68 | D:1      | Reached XP level 2. HP: 19/19 MP: 2/2
   489 | D:2      | Reached XP level 3. HP: 25/25 MP: 3/3
   747 | D:2      | Reached skill level 1 in Shields
   862 | D:2      | Reached XP level 4. HP: 30/30 MP: 4/4
  1388 | D:3      | Noticed Sigmund
  1393 | D:3      | Killed Sigmund
  1394 | D:3      | Reached skill level 6 in Stealth
  1394 | D:3      | Reached XP level 5. HP: 36/36 MP: 5/5
  1394 | D:3      | Reached XP level 6. HP: 42/42 MP: 6/6
  1490 | D:4      | Identified the amulet "Butaxtov" {Faith rN+ rCorr}
  1726 | D:4      | Found a glowing drain.
  1764 | Sewer    | Entered a sewer
  2069 | Sewer    | Reached XP level 7. HP: 30/47 MP: 7/7
  2098 | Sewer    | Slain by a river rat

Illustrated notes

Levels and vault maps discovered:
D:1:      wander_arrival_desolate, layout_rooms, hangedman_decor_slide_cut
D:2:      minmay_inner_zag, layout_rooms
D:3:      layout_rooms, nicolae_wormholes, uniq_sigmund
D:4:      layout_basic, cheibrodos_sewer_entry_drain,
          chequers_serial_rivers_large_b
Sewer:    sewer_fruit_machine

Skill      XL: |  1  2  3  4  5  6 |
---------------+-------------------+-----
Shields        | 1 2 3 |  3.0
Dodging        | 2 3 |  3.3
Fighting       | 3 |  3.7
Short Blades   | 3 |  3.7
Stealth        | 6 |  6.3
Throwing       | |  2.0

Action                     |  1- 3 |  4- 6 |  7- 9 || total
---------------------------+-------+-------+-------++-------
  Melee: Dagger            |    56 |   158 |    10 ||   224
         Constrict         |    15 |    34 |     2 ||    51
         Tentacles         |     9 |    30 |     1 ||    40
         Punch             |     1 |     3 |       ||     4
  Throw: Dart              |       |     5 |       ||     5
    Use: Potion            |       |       |     2 ||     2
   Stab: Sleeping          |     9 |    16 |       ||    25
 Armour: Skin              |     5 |    10 |     8 ||    23
  Dodge: Dodged            |    20 |    95 |    20 ||   135
  Block: Buckler           |     5 |    24 |    12 ||    41

Table legend: (Time is in decaauts)
 A = Elapsed time spent in this place.
 B = Non-inter-level travel time spent in this place.
 C = Inter-level travel time spent in this place.
 D = Time resting spent in this place.
 E = Time spent auto-exploring this place.
 F = Levels seen in this place.
 G = Mean time per level.
                   A        B        C        D        E       F      G
               +--------+--------+--------+--------+--------+-----+--------+
         Total |   2071 |   2061 |     10 |     16 |   1241 |   5 |  414.2 |
       Dungeon |   1747 |   1737 |     10 |     16 |   1109 |   4 |  436.8 |
         Sewer |    324 |    324 |      0 |      0 |    132 |   1 |  324.0 |
               +--------+--------+--------+--------+--------+-----+--------+

Top non-repeatable levels by time:
     D:2: 587 daAuts
     D:3: 441 daAuts
     D:1: 408 daAuts
   Sewer: 324 daAuts
     D:4: 309 daAuts
